 Dungeon Crawl Stone Soup version 0.24.0-13-gcf9b319 (webtiles) character file.

Game seed: 10604534650748297687, levelgen mode: deterministic

30780 Fang the Fighter (level 13, -2/87 HPs)
             Began as a Gargoyle Fighter on Dec 16, 2019.
             Was a High Priest of Trog.
             Killed from afar by a lindwurm (17 damage)
             ... with a blast of flame
             ... on level 4 of the Lair of Beasts.
             The game lasted 00:17:13 (15131 turns).

Fang the Fighter (Gargoyle Fighter)                Turns: 15131, Time: 00:17:13

Health: -2/87      AC: 30    Str: 24    XL:     13   Next: 53%
Magic:  13/13      EV:  7    Int: 13    God:    Trog [*****.]
Gold:   1066       SH: 14    Dex:  9    Spells: 12/12 levels left

rFire    . . .     SeeInvis .   a - +2 war axe (freeze)
rCold    . . .     Gourm    .   B - +1 shield
rNeg     + . .     Faith    .   b - +2 plate armour
rPois    ∞         Spirit   .   E - +0 hat {Int+3}
rElec    +         Reflect  .   (no cloak)
rCorr    .         Harm     .   v - +2 pair of gloves
MR       +++..                  (no boots)
Stlth    ..........             k - amulet of rage
HPRegen  1.24/turn              y - ring of protection from magic
MPRegen  0.13/turn              (no ring)

@: flying, regenerating
A: negative energy resistance 1, electricity resistance, unbreathing,
petrification resistance, rot immunity, AC +9
a: Berserk, Trog's Hand, Brothers in Arms, Renounce Religion, Evoke Berserk Rage


You were on level 4 of the Lair of Beasts.
You worshipped Trog.
Trog was extremely pleased with you.
You were near starving.

You visited 3 branches of the dungeon, and saw 17 of its levels.
You also visited: Sewer and Ossuary.

You collected 1066 gold pieces.

Inventory:

Hand Weapons
 a - a +2 war axe of freezing (weapon)
 t - a +3 antimagic war axe
Armour
 b - a +2 plate armour (worn)
 h - a +2 helmet
 v - a +2 pair of gloves (worn)
 B - a +1 shield (worn)
 E - a +0 hat of intelligence (worn)
Jewellery
 k - an amulet of rage (around neck)
 y - a ring of protection from magic (left hand)
Wands
 e - a wand of random effects (25)
 p - a wand of polymorph (31)
 s - a wand of scattershot (7)
 u - a wand of enslavement (7)
 x - a wand of flame (26)
 A - a wand of iceblast (2)
 C - a wand of disintegration (18)
Scrolls
 f - 10 scrolls of identify
 j - 11 scrolls of remove curse
 l - 6 scrolls of teleportation
 r - 3 scrolls of fear
 w - 2 scrolls of fog
Potions
 d - 5 potions of might
 g - 2 potions of cancellation
 i - 7 potions of curing
 m - 2 potions of flight
 n - 3 potions of haste
 o - a potion of mutation
 q - 3 potions of heal wounds
 z - a potion of invisibility
Comestibles
 c - 26 rations


   Skills:
 + Level 12.7 Fighting
 + Level 10.6 Axes
 + Level 12.6 Armour
 + Level 12.6 Shields


You had 12 spell levels left.
You didn't know any spells.
Your spell library was empty.

Dungeon Overview and Level Annotations

Branches:
Dungeon (12/15)            Temple (1/1) D:5            Lair (4/6) D:9
  Swamp (0/4) Lair:3        Snake (0/4) Lair:3          Orc (0/2) D:12
  Sewer (visited)         Ossuary (visited)

Altars:
Ashenzari
Cheibriados
Dithmenos
Fedhas
Gozag
Hepliaklqana
Makhleb
Okawaru
Qazlal
Ru
Sif Muna
Trog
Uskayaw
Wu Jian
Xom
Yredelemnul
Zin
The Shining One

Shops:
D:11 (   D:12 %

Annotations:
Lair:4 3 runed translucent doors, Raneoc's ghost, journeyman MiFi


Innate Abilities, Weirdness & Mutations

You are resistant to torment.
Your stone body is resilient. (AC +9)
You are immune to poison.
You resist negative energy. (rN+)
You are resistant to electric shocks. (rElec)
You can survive without breathing.
You are immune to petrification.
You are immune to rotting.


Message History

You slice the lindwurm!! You freeze the lindwurm.
The lindwurm is severely wounded.
You slash the lindwurm! You freeze the lindwurm. The lindwurm bites you.
* * * LOW HITPOINT WARNING * * *
You block the lindwurm's attack.
The lindwurm claws you but does no damage.
You block the lindwurm's attack.
The lindwurm claws you but does no damage. x2
You hit the lindwurm. You freeze the lindwurm.
The lindwurm is almost dead.
You hit the lindwurm. You freeze the lindwurm. You block the lindwurm's attack.
The lindwurm claws you.
* * * LOW HITPOINT WARNING * * *
The lindwurm claws you but does no damage.
The lindwurm bites you but does no damage.
The lindwurm claws you but does no damage.
The lindwurm barely misses you. The lindwurm breathes flames at you.
The blast of flame hits you!
You die...

...#.##...≈§≈§§...# §§§§≈≈§...##
.......§§≈≈≈≈§§..### ..≈§§§§§...#
..........≈≈≈≈§§#.[ #..§≈≈§§....
.........≈≈≈§≈§##?: #.§≈§≈≈§...
.........≈≈≈§§.##?> ##.≈≈§≈≈§§..
..........§≈§≈..#k= .#..≈§≈≈..§##
....#.....§≈§≈≈..####..≈§§§§§..#.
..###....≈≈≈≈≈§.kk##...≈§≈≈≈....#
..##.#.#...≈≈§§≈@k...≈≈≈≈≈≈......
....#.....≈≈§§≈≈≈≈≈≈≈≈§≈§≈≈§....#
.......##...≈≈≈≈§≈≈≈≈≈§§≈≈≈.....#
.....#.#P....≈§≈≈≈≈≈§≈≈§≈.......#
..###..##(....§§≈≈≈§≈≈≈.....###..
..#.##..##.....≈.≈≈≈≈......###..#
................§..§........###'P
.................................
.................................


You could see 4 lindwurms.

Vanquished Creatures
  Gastronok (Lair:3)
  2 hydras
  Erica (D:11)
  3 two-headed ogres
  Nergalle (Lair:2)
  An unseen horror (D:10)
  Pikel (D:4)
  A deep elf mage (D:12)
  3 black mambas
  Joseph (D:7)
  A torpor snail (Lair:3)
  Maurice (D:11)
  3 spiny frogs
  6 komodo dragons
  A queen bee (Lair:1)
  The ghost of 504boye the Basher, an amateur MiBe of Trog (D:5)
  A polar bear (Lair:2)
  5 blink frogs (Lair:4)
  4 trolls
  A hornet (D:11)
  5 hippogriffs
  A vampire (D:10)
  3 wyverns
  A wraith (D:12)
  A basilisk (Lair:3)
  11 yaks
  A human (D:10)
  A soldier ant (D:12)
  2 acid dragons (D:12)
  13 water moccasins
  15 porcupines
  4 phantoms
  7 orc warriors
  A necrophage (D:10)
  An ice beast (D:11)
  3 black bears
  6 ogres
  A sky beast (D:8)
  5 centaurs
  13 crocodiles
  5 big kobolds
  19 bullfrogs
  5 gnoll sergeants (D:12)
  A water moccasin zombie (D:7)
  6 scorpions
  28 killer bees
  6 wights
  2 electric eels (D:12)
  4 howler monkeys
  8 crimson imps
  3 bullfrog zombies
  4 centaur zombies
  A quasit (D:12)
  6 hounds
  3 human zombies (Ossuary)
  3 centaur skeletons
  4 jellies
  4 orc priests
  3 bullfrog skeletons
  A gnoll shaman (D:4)
  Jessica (D:3)
  Natasha (thrice) (D:2)
  Terence (D:2)
  9 orc wizards
  6 worker ants
  A hound skeleton (D:4)
  5 mummies
  4 worker ant zombies
  A howler monkey zombie (D:8)
  20 adders
  5 gnolls
  5 river rats (Sewer)
  A hound simulacrum (D:5)
  2 shadow imps
  A white imp (D:5)
  A worker ant simulacrum (D:5)
  3 oozes
  2 adder skeletons (D:4)
  A worm (D:5)
  An adder simulacrum (D:5)
  7 leopard geckos
  44 orcs
  7 bats
  6 giant cockroaches
  A gnoll zombie (Ossuary)
  6 goblins
  7 hobgoblins
  18 jackals
  14 kobolds
  2 quokkas
  3 ball pythons
  9 frilled lizards
  A goblin zombie (Ossuary)
  A jackal zombie (Ossuary)
  4 orc zombies (Ossuary)
  A quokka simulacrum (D:5)
  A quokka skeleton (D:4)
  23 rats
  2 rat zombies (Ossuary)
  5 plants
485 creatures vanquished.

Vanquished Creatures (others)
  A fungus (D:9)
  A plant (D:9)
2 creatures vanquished.

Grand Total: 487 creatures vanquished

Notes
Turn   | Place    | Note
-------+----------+-------------------------------------------
     0 | D:1      | Fang the Gargoyle Fighter began the quest for the Orb.
     0 | D:1      | Reached XP level 1. HP: 14/14 MP: 1/1
    34 | D:1      | Reached XP level 2. HP: 19/19 MP: 2/2
   277 | D:1      | Reached XP level 3. HP: 23/23 MP: 3/3
   581 | D:2      | Noticed Terence
   590 | D:2      | Killed Terence
   590 | D:2      | Reached XP level 4. HP: 26/29 MP: 4/4
   953 | D:2      | Noticed Natasha
   960 | D:2      | Killed Natasha
   960 | D:2      | Reached XP level 5. HP: 33/33 MP: 5/5
  1082 | D:2      | Noticed Natasha
  1094 | D:2      | Killed Natasha
  1266 | D:2      | Noticed Natasha
  1275 | D:2      | Killed Natasha
  1923 | D:3      | Reached XP level 6. HP: 39/39 MP: 6/6
  2003 | D:3      | Found a sacrificial altar of Ru.
  2032 | D:3      | Noticed Jessica
  2055 | D:3      | Killed Jessica
  2253 | D:4      | Noticed a phantom
  2292 | D:4      | Killed a phantom
  2292 | D:4      | Reached skill level 5 in Fighting
  2292 | D:4      | Reached skill level 5 in Armour
  2292 | D:4      | Reached skill level 5 in Shields
  2292 | D:4      | Reached XP level 7. HP: 37/44 MP: 7/7
  2467 | D:4      | Noticed Pikel
  2475 | D:4      | Killed Pikel
  2475 | D:4      | Reached XP level 8. HP: 51/51 MP: 8/8
  3004 | D:5      | Entered Level 5 of the Dungeon
  3168 | D:5      | Found a glowing drain.
  3207 | Sewer    | Entered a sewer
  3326 | Sewer    | Reached skill level 5 in Axes
  3655 | D:5      | Found a staircase to the Ecumenical Temple.
  3667 | Temple   | Entered the Ecumenical Temple
  3709 | Temple   | Became a worshipper of Trog the Wrathful
  3832 | D:5      | Noticed 504boye's ghost (amateur MiBe)
  3856 | D:5      | Found a runed translucent gate.
  3856 | D:5      | Found a runed translucent gate.
  3856 | D:5      | Found a runed translucent gate.
  3886 | D:5      | Killed 504boye's ghost
  4123 | D:6      | Reached XP level 9. HP: 54/56 MP: 9/9
  4365 | D:6      | Reached * piety under Trog
  4430 | D:6      | Found a sand-covered staircase.
  4442 | Ossuary  | Entered an ossuary
  4946 | D:7      | Reached ** piety under Trog
  5023 | D:7      | Noticed Joseph
  5047 | D:7      | Killed Joseph
  5386 | D:7      | Found an iron altar of Okawaru.
  5872 | D:8      | Reached XP level 10. HP: 42/64 MP: 10/10
  6076 | D:8      | Reached *** piety under Trog
  6397 | D:8      | Found a shimmering altar of Xom.
  6618 | D:8      | Found a hazy altar of Hepliaklqana.
  6969 | D:9      | Reached **** piety under Trog
  7083 | D:9      | Found a staircase to the Lair.
  7673 | D:10     | Entered Level 10 of the Dungeon
  7684 | D:10     | Reached XP level 11. HP: 72/72 MP: 11/11
  7778 | D:10     | Noticed a two-headed ogre
  7785 | D:10     | Killed a two-headed ogre
  7846 | D:10     | Noticed a two-headed ogre
  7854 | D:10     | Killed a two-headed ogre
  7854 | D:10     | Reached skill level 10 in Fighting
  7854 | D:10     | Reached skill level 10 in Armour
  7981 | D:10     | Reached skill level 10 in Shields
  8016 | D:10     | Killed an unseen horror
  8253 | D:10     | Reached ***** piety under Trog
  8686 | D:11     | Received a gift from Trog
  8813 | D:11     | Found Fenwer's Antique Weapon Emporium.
  9096 | D:11     | Noticed Maurice
  9116 | D:11     | Killed Maurice
  9306 | D:11     | Noticed Erica
  9327 | D:11     | Killed Erica
  9486 | D:12     | Noticed a two-headed ogre
  9494 | D:12     | Killed a two-headed ogre
  9812 | D:12     | Reached XP level 12. HP: 50/79 MP: 12/12
  9865 | D:12     | Found a staircase to the Orcish Mines.
 10314 | D:12     | Found Kashrom's Food Boutique.
 10878 | D:12     | Received a gift from Trog
 11128 | Lair:1   | Entered Level 1 of the Lair of Beasts
 11706 | Lair:1   | Received a gift from Trog
 12417 | Lair:2   | Noticed Nergalle
 12430 | Lair:2   | Killed Nergalle
 12653 | Lair:2   | Noticed a four-headed hydra
 12666 | Lair:2   | Killed a 12-headed hydra
 12666 | Lair:2   | Reached skill level 10 in Axes
 12905 | Lair:2   | Reached XP level 13. HP: 72/86 MP: 13/13
 13341 | Lair:3   | Found a staircase to the Swamp.
 13604 | Lair:3   | Noticed Gastronok
 13621 | Lair:3   | Killed Gastronok
 13866 | Lair:3   | Found a staircase to the Snake Pit.
 14781 | Lair:4   | Noticed Raneoc's ghost (journeyman MiFi)
 14793 | Lair:4   | Found a runed translucent gate.
 14793 | Lair:4   | Found a runed translucent gate.
 14793 | Lair:4   | Found a runed translucent gate.
 15131 | Lair:4   | Killed from afar by a lindwurm

Levels and vault maps discovered:
D:1:      scummos_arrival_simple_fountains, layout_rooms
D:2:      layout_loops_corners, first_ration, uniq_natasha, uniq_terence
D:3:      layout_basic, nicolae_ru_sacrificial_ziggurat, uniq_jessica
D:4:      layout_cave_pods, minmay_crystal_room, serial_park_tiny_2,
          minmay_checkerbox, uniq_pikel
D:5:      layout_rooms, minmay_temple_entry_wispy, gammafunk_ghost_icy,
          portal_sewer_entry_d
D:6:      layout_basic, gup_ossuary_entry_pyramid
D:7:      layout_cave_pools, basic_altar, uniq_joseph
D:8:      wad_crossroads, layout_basic, lemuel_coloured_pillars_altar,
          basic_altar
D:9:      layout_gridville, due_lair_maze_entry_diamond
D:10:     layout_small_grid, grunt_pizzeria
D:11:     layout_irregular_city, serial_shops, shop, uniq_erica, uniq_maurice
D:12:     layout_basic, kennysheep_orc_monster_closet_entryway, serial_shops,
          nicolae_shop_behind_doors, minmay_misc_feat_chi, serial_bayou_pond_e
Temple:   compressed_dpeg_triangle_lava_temple
Lair:1:   layout_roguey, special_room [special_room_bee], beast_lair_carwin_7
Lair:2:   layout_layer_cave, uniq_nergalle
Lair:3:   layout_cave_pods, swamp_mist, minmay_snake_entry_six_corridors,
          uniq_gastronok
Lair:4:   layout_regular_city, gammafunk_ghost_split, minmay_lindwurm_lava

Skill      XL: |  1  2  3  4  5  6  7  8  9 10 11 12 |
---------------+-------------------------------------+-----
Axes           | 2 3 4 5 6 7 8 10 | 10.6
Shields        | 4 5 6 8 9 10 12 | 12.6
Fighting       | 4 5 6 8 9 10 12 | 12.7
Armour         | 4 5 6 8 9 10 12 | 12.6

Action                   |  1- 3 |  4- 6 |  7- 9 | 10-12 | 13-15 || total
-------------------------+-------+-------+-------+-------+-------++-------
Melee: War axe           |   126 |   157 |   574 |   950 |   198 ||  2005
       Unarmed           |       |       |       |     7 |       ||     7
Invok: Berserk           |       |       |     1 |    11 |     2 ||    14
       Trog's Hand       |       |       |       |     1 |     1 ||     2
 Abil: Evoke Berserk Rag |       |       |     3 |       |       ||     3
  Use: Scroll            |       |     8 |    14 |     7 |     3 ||    32
       Potion            |       |       |       |     1 |     1 ||     2
  Eat: Chunk             |       |     5 |    17 |    34 |     8 ||    64
Armor: Scale mail        |   114 |    86 |   279 |       |       ||   479
       Chain mail        |       |       |       |   529 |       ||   529
       Plate armour      |       |       |       |   174 |   174 ||   348
Dodge: Dodged            |    58 |    45 |   166 |   290 |    78 ||   637
Block: Shield            |    87 |   102 |   369 |   682 |   174 ||  1414
